AoeStats
← d4rk

Four Lakes

503267916Analyzed
4v4 RM · 1mo ago on Aug 30, 2026· 45m 47s· 8 players
Game mode
Random Map
Map size
Large (8 player)
Population
200
Speed
Normal
Resources
Standard
Victory
Conquest
Starting age
Dark Age
Ending age
Imperial Age
RankedLock teamsTeams togetherTeam positionsShared explorationLock speedFull tech treeHidden civsTurbo modeCheats
Victory
Defeat
🇺🇸 Persians · United States
958
+17
🇺🇸 Byzantines · United States
954
+17
🇺🇸 Berbers · United States
900
+19
🇺🇸 Burgundians · United States
883
+20
🇨🇳 Cumans · China
1066
-22
🇨🇴 Inca · Colombia
957
-18
🇨🇳 Malay · China
931
-16
925
-16
Coffee Pup
10:39 Feudal Age
10:01 Loom
16:24 Castle Age
15:01 Double-Bit Axe
17:39 Scale Barding Armor
25:48 Bloodlines
29:02 Horse Collar
29:58 Bow Saw
32:40 Wheelbarrow
33:23 Husbandry
33:37 Forging
33:48 Chain Barding Armor
33:20 Fletching
33:30 Padded Archer Armor
39:08 Imperial Age
38:29 Kasbah
38:39 Heavy Plow
39:19 Iron Casting
38:41 Bodkin Arrow
39:01 Leather Archer Armor
39:05 Hand Cart
39:10 Cavalier
40:29 Thumb Ring
40:51 Ballistics
41:26 Plate Barding Armor
41:29 Elite Genitour
44:05 Chemistry
cooteRcow
11:20 Feudal Age
9:59 Loom
11:46 Double-Bit Axe
11:43 Horse Collar
18:59 Man-at-Arms
22:59 Castle Age
21:52 Scale Mail Armor
22:20 Forging
22:00 Fletching
22:55 Padded Archer Armor
23:31 Long Swordsman
23:37 Pikeman
24:47 Long Swordsman
25:12 Gambesons
25:28 Squires
25:49 Crossbowman
27:06 Bodkin Arrow
36:53 Imperial Age
37:06 Bow Saw
37:02 Heavy Plow
40:11 Thumb Ring
41:52 Iron Casting
41:24 Gold Mining
43:51 Chemistry
42:14 Two-Handed Swordsman
44:07 Two-Man Saw
43:59 Halberdier
43:59 Two-Handed Swordsman
melodelfe
5:03 Loom
9:16 Loom
12:36 Feudal Age
16:24 Castle Age
14:18 Double-Bit Axe
14:18 Horse Collar
14:35 Stone Mining
16:23 Fishing Lines
16:51 Fletching
17:44 Bow Saw
18:32 Bodkin Arrow
18:49 Heavy Plow
19:08 Crossbowman
21:22 Wheelbarrow
24:28 Thumb Ring
24:47 Gold Mining
25:08 Padded Archer Armor
26:56 Gold Shaft Mining
27:35 Leather Archer Armor
28:18 Gillnets
29:00 Scale Barding Armor
28:54 Town Watch
30:13 Kamandaran
30:54 Forging
33:25 Chain Barding Armor
33:40 Iron Casting
35:40 Imperial Age
33:33 Hand Cart
35:23 Town Patrol
37:01 Conscription
38:09 Chemistry
37:29 Ballistics
37:53 Bloodlines
37:44 Husbandry
37:06 Cavalier
38:36 Elite War Elephant
40:49 Ring Archer Armor
40:55 Plate Barding Armor
41:20 Blast Furnace
42:09 Two-Man Saw
41:40 Crop Rotation
41:48 Stone Shaft Mining
41:51 Citadels
46:00 Masonry
Ordinary Housecrab
3:06 Loom
4:45 Double-Bit Axe
10:32 Wheelbarrow
12:42 Feudal Age
17:54 Castle Age
16:09 Bow Saw
18:17 Cavalier
18:58 Husbandry
23:47 Gold Mining
23:50 Stone Mining
26:27 Forging
26:23 Scale Barding Armor
26:29 Fletching
32:39 Stone Shaft Mining
32:40 Gold Shaft Mining
37:41 Hand Cart
39:57 Imperial Age
39:10 Bodkin Arrow
39:52 Iron Casting
39:38 Chain Barding Armor
40:54 Hand Cart
d4rk
7:57 Loom
11:17 Feudal Age
17:45 Castle Age
17:31 Horse Collar
17:38 Double-Bit Axe
21:04 Bow Saw
22:02 Fletching
21:51 Pikeman
22:37 Squires
22:40 Scale Mail Armor
23:55 Chain Mail Armor
23:38 Bodkin Arrow
25:01 Heavy Plow
25:23 Forging
26:43 Wheelbarrow
25:54 Town Watch
31:35 Hand Cart
31:21 Town Patrol
31:19 Champi Runner
32:50 Iron Casting
32:17 Gold Mining
32:17 Stone Mining
35:11 Imperial Age
33:11 Champi Warrior
34:58 Treadmill Crane
35:39 Ballistics
35:33 Masonry
35:37 Elite Champi Warrior
37:20 Blast Furnace
36:51 Plate Mail Armor
42:58 Chemistry
42:44 Crop Rotation
42:50 Gold Shaft Mining
42:50 Stone Shaft Mining
43:23 Halberdier
The Official Game of the Movie
7:57 Loom
10:05 Feudal Age
11:06 Double-Bit Axe
17:36 Castle Age
16:19 Horse Collar
17:46 Fletching
17:57 Padded Archer Armor
19:01 Wheelbarrow
20:59 Gold Mining
22:32 Pikeman
23:35 Heavy Plow
23:41 Elite Skirmisher
25:28 Crossbowman
27:20 Scale Mail Armor
27:15 Bodkin Arrow
27:36 Leather Archer Armor
27:31 Forging
37:22 Squires
43:13 Iron Casting
42:43 Scale Barding Armor
44:47 Husbandry
44:57 Bloodlines
Vtinglove
7:24 Loom
7:47 Loom
10:16 Feudal Age
11:53 Horse Collar
11:59 Double-Bit Axe
16:35 Town Watch
20:20 Fishing Lines
21:46 Wheelbarrow
24:15 Castle Age
23:34 Forging
23:24 Scale Mail Armor
25:03 Bloodlines
25:53 Hand Cart
26:26 Bow Saw
26:55 Gillnets
33:54 Imperial Age
35:29 Light Cavalry
36:40 Pikeman
37:20 Squires
37:06 Arson
37:46 Halberdier
39:41 Chain Mail Armor
40:01 Iron Casting
44:35 Elite Skirmisher
淦
13:35 Feudal Age
14:32 Double-Bit Axe
19:26 Castle Age
19:16 Bow Saw
31:20 Fishing Lines
35:55 Gillnets
38:34 Medium Warships
40:12 Wheelbarrow
39:25 Loom
40:16 Wheelbarrow
40:46 Forging
43:52 Imperial Age
42:54 Gold Mining
42:54 Stone Mining
Connection lost

Rejoining the realm…

Still unreachable

The connection could not be restored.

Session expired

The server has moved on; the page needs a fresh start.